cohdb
Replays
Latest Replays
All Replays
Popular Replays
Top Player Replays
Match Explorer
How It Works
Community
CoH3 Stats
Reddit
Sign in to upload your games and track your stats! →
Sign in with Steam
Match 41533844
Unlisted
Match 41533844
Overview
Messages
Build Orders
End
Construct Infanterie Kompanie
Grenadier Squad
MG 42 Machine Gun Team
Grenadier Squad
MG 42 Machine Gun Team
Infanterie Officer Quarters
Grenadier Squad
Construct Luftwaffe Kompanie
Jäger Squad
Selects Luftwaffe Battlegroup
Selects Luftwaffe Pioneer Support
Selects Stuka Strafing Run
Support Elements
Selects LG40 Recoilless Gun Paradrop
Selects Fallschirmjäger Squad Paradrop
LG40 Recoilless Gun Paradrop
Construct Panzer Kompanie
Selects Stuka Loiter
Stoßtruppen Squad
Panzer IV Medium Tank
Stuka Loiter
Side Skirts
Pioneer Squad
Panzer Officer Quarters
Fatal Thoughts
Konrad Curze
BeerGrills
Rambo Bine
0
0
Comments
sign in to comment!
No comments posted yet!